 Dungeon Crawl Stone Soup version 0.20-a0-850-ge5a7832 (webtiles) character file.

101 Devintownsend the Shield-Bearer (level 4, -14/40 HPs)
             Began as a Minotaur Fighter on Mar 10, 2017.
             Demolished by an ogre
             ... wielding a +0 giant spiked club
              (31 damage)
             ... on level 3 of the Dungeon.
             The game lasted 00:04:13 (1815 turns).

Devintownsend the Shield-Bearer (Minotaur Fighter)  Turns: 1815, Time: 00:04:14

Health: -14/40     AC:  8    Str: 21    XL:     4   Next: 48%
Magic:  3/3        EV:  7    Int:  5    God:
Gold:   103        SH:  9    Dex: 10    Spells: 3/3 levels left

rFire    . . .     SeeInvis .   a - +0 war axe
rCold    . . .     Gourm    .   b - +0 scale mail
rNeg     . . .     Faith    .   c - +0 shield
rPois    .         Spirit   .   (helmet restricted)
rElec    .         Reflect  .   j - +0 cloak
rCorr    .         Harm     .   (no gloves)
MR       .....                  (no boots)
Stlth    ..........             (no amulet)
Regen    0.2/turn               (no ring)
MPRegen  0.1/turn               (no ring)

@: no status effects
A: retaliatory headbutt, horns 2
a: no special abilities


You were on level 3 of the Dungeon.
You were hungry.

You visited 1 branch of the dungeon, and saw 3 of its levels.

You collected 103 gold pieces.

Inventory:

Hand Weapons
 a - a +0 war axe (weapon)
Armour
 b - a +0 scale mail (worn)
 c - a +0 shield (worn)
 j - a +0 cloak (worn)
Scrolls
 e - a scroll of fog {unknown}
 k - 4 scrolls of identify {unknown}
 l - a scroll of magic mapping {unknown}
 m - 3 scrolls of enchant armour {unknown}
 n - 3 scrolls of remove curse {unknown}
 o - a scroll of enchant weapon {unknown}
 q - a scroll of recharging {unknown}
 r - a scroll of immolation {unknown}
 s - a scroll of random uselessness {unknown}
Potions
 d - a potion of might
 g - a potion of magic {unknown}
 i - 3 potions of curing {unknown}
Comestibles
 f - 3 bread rations
 h - 2 royal jellies
 p - 4 fruits


   Skills:
 + Level 4.3 Fighting
 + Level 3.9 Axes
 + Level 4.2 Armour
 + Level 4.5 Shields


You had 3 spell levels left.
You didn't know any spells.

Dungeon Overview and Level Annotations

Branches:
Dungeon (3/15)

Altars:


Innate Abilities, Weirdness & Mutations

You reflexively headbutt those who attack you in melee.
You have a pair of horns on your head.


Message History

You start resting.
You are feeling hungry.
You start resting.
HP restored.
You see here an adder skeleton.
There is a stone staircase leading down here.
Found a robe.
An ogre comes into view. It is wielding a giant spiked club.
The ogre shouts!
The ogre completely misses you.
Your shield and scale mail prevent you from hitting the ogre.
You headbutt the ogre!
The ogre is moderately wounded.
The ogre hits you with a giant spiked club!!
Ouch! That really hurt!
You barely miss the ogre. Your headbutt misses the ogre.
The ogre is moderately wounded.
The ogre hits you with a giant spiked club!!
Ouch! That really hurt!
You die...

#.##.#
#######.##.#
#..........#
##.#####.###
.###...#.#
.....⌠...#
.###...#.#
#####.#
#...O@#
#.#####


You could see an ogre.

Vanquished Creatures
  5 adders
  An ooze (D:2)
  A worm (D:2)
  A dart slug (D:2)
  3 giant cockroaches (D:1)
  4 goblins
  10 hobgoblins
  2 jackals (D:2)
  6 kobolds
  A quokka (D:3)
  4 bats
  A frilled lizard (D:1)
  7 rats
46 creatures vanquished.

Notes
Turn   | Place    | Note
-------+----------+-------------------------------------------
     0 | D:1      | Devintownsend the Minotaur Fighter began the quest for the Orb.
     0 | D:1      | Reached XP level 1. HP: 19/19 MP: 0/0
    73 | D:1      | Reached XP level 2. HP: 10/27 MP: 1/1
   758 | D:2      | Reached XP level 3. HP: 33/33 MP: 2/2
  1005 | D:2      | Reached XP level 4. HP: 38/40 MP: 3/3
  1812 | D:3      | Noticed an ogre
  1815 | D:3      | Demolished by an ogre

Vault maps used:
D:1:      eino_arrival_tree_alley, serial_park_tiny_pond, grunt_decor_arrowhead,
          nrook_loot_triangle
D:3:      eat_drink_and_be_merry_uskayaw, chequers_ecumenical_altar_twisty,
          elyvilon_altar_1, uniq_terence

Skill      XL: |  1  2  3 |
---------------+----------+-----
Fighting       | 4 |  4.3
Shields        | 4 |  4.5
Axes           | 3 |  3.9
Armour         | 4 |  4.2

Action                   |  1- 3 |  4- 6 || total
-------------------------+-------+-------++-------
Melee: War axe           |    73 |    27 ||   100
       Headbutt          |     7 |     4 ||    11
  Eat: Chunk             |       |     2 ||     2
Armor: Scale mail        |    35 |    20 ||    55
Dodge: Dodged            |    22 |     9 ||    31
Block: Shield            |    46 |    23 ||    69
